 Dungeon Crawl Stone Soup version 0.31-a0-868-g674d60d6f7 (webtiles) character file.

Game seed: 12305562038867455913

151 IdlyInterested the Chucker (level 5, 0/41 HPs)
             Began as a Demonspawn Wanderer on Oct 11, 2023.
             Slain by Edmund
             ... wielding a +2 dire flail of protection
              (11 damage)
             ... on level 6 of the Dungeon.
             The game lasted 00:07:34 (2615 turns).

IdlyInterested the Chucker (Demonspawn Wanderer)    Turns: 2615, Time: 00:07:35

Health: 0/41       AC: 13    Str: 19    XL:     5   Next: 10%
Magic:  8/8        EV:  8    Int: 10    God:
Gold:   2          SH:  0    Dex: 11    Spells: 8/8 levels left

rFire   . . .        y - +3 quarterstaff (chaos)
rCold   . . .        (shield currently unavailable)
rNeg    . . .        i - +0 chain mail
rPois   .            o - +2 hat
rElec   .            z - +0 cloak
rCorr   .            n - +0 pair of gloves
SInv    .            k - +0 pair of boots
Will    .....        (no amulet) Stlth
                     (no ring)
HPRegen 0.26/turn    (no ring)
MPRegen 0.11/turn

%: no passive effects
@: no status effects
A: weakness stinger 1
a: no special abilities


You were on level 6 of the Dungeon.
You visited 1 branch of the dungeon, and saw 4 of its levels.

You collected 126 gold pieces.
You spent 124 gold pieces at shops.

Inventory:

Hand Weapons
 a - a +3 dagger
 p - a +0 short sword
 y - a +3 quarterstaff of chaos (weapon)
 A - a +0 hammer
Missiles
 b - 5 curare-tipped darts
 g - 5 javelins
 j - 5 stones (quivered)
 E - 5 boomerangs
Armour
 c - a +0 scale mail
 i - a +0 chain mail (worn)
 k - a +0 pair of boots (worn)
 n - a +0 pair of gloves (worn)
 o - a +2 hat (worn)
 z - a +0 cloak (worn)
Magical Staves
 e - a staff of earth
Scrolls
 d - 2 scrolls of fear
 f - 3 scrolls of immolation {unknown}
 l - 3 scrolls of identify {unknown}
 m - a scroll of butterflies {unknown}
 q - 2 scrolls of fog {unknown}
 r - 3 scrolls of teleportation {unknown}
 s - a scroll of revelation {unknown}
 u - a scroll of enchant armour {unknown}
 x - a scroll of enchant weapon {unknown}
 C - a scroll of vulnerability {unknown}
Potions
 h - 2 potions of brilliance {unknown}
 t - a potion of magic {unknown}
 v - a potion of heal wounds {unknown}
 w - a potion of enlightenment {unknown}
 B - 2 potions of haste {unknown}
 D - a potion of curing {unknown}


   Skills:
 + Level 3.4 Fighting
 * Level 4.3 Throwing
 - Level 2.0 Armour
 - Level 1.0 Dodging
 - Level 2.0 Spellcasting
 - Level 1.0 Evocations


You had 8 spell levels left.
You didn't know any spells.
Your spell library was empty.

Dungeon Overview and Level Annotations

Branches:
Dungeon (3/15)

Altars:
Makhleb
Vehumet

Shops:
D:1 *

Annotations:
D:6 Edmund


Innate Abilities, Weirdness & Mutations

You have a small tail.


Message History

Edmund clears his throat.
You see here a fizzy sapphire potion.
Throw: 6 darts (curare)
Press: ? - help, Shift-Dir - straight line, f - Edmund
Aim: Edmund, wielding a +2 dire flail of protection and wearing a +0 leather armour (56% to hit)
You throw a curare-tipped dart.
The curare-tipped dart closely misses Edmund.
You hit Edmund but do no damage. You tail-slap Edmund, but do no damage.
Edmund says, "I'm quite good with sums, too."
Edmund hits you but does no damage.
You hit Edmund but do no damage.
Edmund hits you with a +2 dire flail of protection!
You hit Edmund. You burn Edmund. You tail-slap Edmund, but do no damage.
Edmund is lightly wounded.
Edmund hits you with a +2 dire flail of protection.
Edmund says, "Everyone always remembers my brother. 'Who's Edmund?' they ask!"
Edmund hits you with a +2 dire flail of protection.
You sock Edmund! You freeze Edmund.
Edmund is moderately wounded.
Edmund closely misses you.
You closely miss Edmund.
Edmund is moderately wounded.
Edmund hits you but does no damage.
You thump Edmund!
Edmund is heavily wounded.
Edmund hits you with a +2 dire flail of protection!
Edmund hits you but does no damage.
You hit Edmund but do no damage. You drain Edmund.
Your tail-slap misses Edmund.
Edmund is heavily wounded.
Edmund hits you but does no damage.
You sock Edmund! You freeze Edmund.
Edmund is almost dead.
Edmund hits you with a +2 dire flail of protection.
* * * LOW HITPOINT WARNING * * *
You barely miss Edmund.
Edmund is almost dead.
Edmund hits you with a +2 dire flail of protection!
You die...
Edmund whines, "They better pay attention to me now!"

#...#.#..........#
......#.....>....# .#
#####.#....#..##.# .#
.........###.....##.####
..............##........
........#.###...........
.##...#...###.#.........
##..#.#.#.##....!.......
#>.#.#.#..#..#.@.......
......#>##.#..#.@.......
... ....# ..............
...###......... ....
#......... #..
......#### #..#..#
.#(....


You could see Edmund (drained).

Vanquished Creatures
  A scorpion (D:6)
  Crazy Yiuf (D:2)
  2 adders (D:2)
  A worm (D:2)
  A dart slug (D:3)
  4 ball pythons
  6 bats
  5 endoplasms
  3 giant cockroaches (D:1)
  3 goblins
  2 hobgoblins
  4 kobolds
  A quokka (D:1)
  4 frilled lizards (D:1)
  3 rats
41 creatures vanquished.

Notes
Turn   | Place    | Note
-------+----------+-------------------------------------------
     0 | D:1      | IdlyInterested the Demonspawn Wanderer began the quest for
                  | the Orb.
     0 | D:1      | IdlyInterested set off with the following items: a +3
                  | dagger, 2 curare-tipped darts, a +0 scale mail, a scroll of
                  | fear.
     0 | D:1      | Reached XP level 1. HP: 16/16 MP: 3/3
   141 | D:1      | Reached skill level 3 in Throwing
   192 | D:1      | Gained mutation: You have a small tail. [demonic ancestry]
   192 | D:1      | Reached XP level 2. HP: 22/22 MP: 5/5
   431 | D:1      | Reached skill level 1 in Evocations
   433 | D:1      | Found Heagar's Assorted Antiques.
   956 | D:1      | Bought a scroll labelled KACOQAU SUONNEAP for 33 gold
                  | pieces
   967 | D:2      | Reached XP level 3. HP: 28/28 MP: 6/6
  1042 | D:2      | Found a burning altar of Makhleb.
  1307 | D:1      | Bought a scroll labelled GEAPUME BYOLO for 33 gold pieces
  1731 | D:2      | Found a runed translucent door.
  1732 | D:2      | Noticed Crazy Yiuf
  1865 | D:2      | Paralysed by Crazy Yiuf for 4 turns
  1871 | D:2      | Killed Crazy Yiuf
  1872 | D:2      | Reached XP level 4. HP: 24/35 MP: 7/7
  2038 | D:1      | Bought a metallic grey potion for 29 gold pieces
  2491 | D:1      | Bought a metallic grey potion for 29 gold pieces
  2573 | D:3      | You fall into a shaft and drop 3 floors!
  2573 | D:6      | Found a radiant altar of Vehumet.
  2588 | D:6      | Noticed a scorpion
  2595 | D:6      | Killed a scorpion
  2596 | D:6      | Reached skill level 4 in Throwing
  2596 | D:6      | Reached XP level 5. HP: 41/41 MP: 8/8
  2603 | D:6      | Noticed Edmund
  2615 | D:6      | Slain by Edmund

Illustrated notes

Levels and vault maps discovered:
D:1:      lightli_arrival_windingriver, layout_loops_cross, serial_shops,
          shop_statue, nrook_loot_triangle
D:2:      layout_rooms, basic_altar, uniq_crazy_yiuf_cottage
D:3:      layout_basic, uniq_sigmund
D:6:      layout_rooms, tso_oasis_becter, mainiacjoe_overflow_cross_hatched,
          minmay_microvault, uniq_edmund

Skill      XL: |  1  2  3  4 |
---------------+-------------+-----
Throwing       | 3 4 |  4.3
Armour         | 2 |  2.0
Evocations     | 1 |  1.0
Fighting       | 3 |  3.4
Dodging        | |  1.0
Spellcasting   | |  2.0

Action                     |  1- 3 |  4- 6 || total
---------------------------+-------+-------++-------
  Melee: Dagger            |    89 |       ||    89
         Punch             |     1 |       ||     1
         Tailslap          |     6 |     5 ||    11
         Quarterstaff      |       |    24 ||    24
  Throw: Stone             |     2 |     6 ||     8
         Dart              |     1 |     1 ||     2
 Armour: Scale mail        |    14 |       ||    14
         Chain mail        |    45 |    25 ||    70
  Dodge: Dodged            |    46 |     4 ||    50

Table legend: (Time is in decaauts)
 A = Elapsed time spent in this place.
 B = Non-inter-level travel time spent in this place.
 C = Inter-level travel time spent in this place.
 D = Time resting spent in this place.
 E = Time spent auto-exploring this place.
 F = Levels seen in this place.
 G = Mean time per level.
                   A        B        C        D        E       F      G
               +--------+--------+--------+--------+--------+-----+--------+
         Total |   2624 |   1862 |    762 |     85 |   1222 |   4 |  656.0 |
       Dungeon |   2624 |   1862 |    762 |     85 |   1222 |   4 |  656.0 |
               +--------+--------+--------+--------+--------+-----+--------+

Top non-repeatable levels by time:
     D:1: 1352 daAuts
     D:2: 862 daAuts
     D:3: 365 daAuts
     D:6: 45 daAuts
